 Dungeon Crawl Stone Soup version 0.20.1-1-g8b1a95d (webtiles) character file.

872 Dyss the Firebug (level 8, -7/41 HPs)
             Began as a Tengu Fire Elementalist on July 13, 2017.
             Was an Initiate of Vehumet.
             Mangled by an orc warrior
             ... wielding a +0 hand axe
              (22 damage)
             ... on level 6 of the Dungeon.
             The game lasted 00:59:02 (5841 turns).

Dyss the Firebug (Tengu Fire Elementalist)          Turns: 5841, Time: 00:59:03

Health: -7/41      AC:  3    Str:  8    XL:     8   Next: 4%
Magic:  19/25      EV: 13    Int: 19    God:    Vehumet [......]
Gold:   262        SH:  0    Dex: 14    Spells: 3/16 levels left

rFire    . . .     SeeInvis +   C - +2 quarterstaff (chaos)
rCold    . . .     Gourm    .   (shield currently unavailable)
rNeg     . . .     Faith    .   l - +0 robe
rPois    .         Spirit   .   (helmet restricted)
rElec    .         Reflect  .   D - +0 cloak
rCorr    .         Harm     .   (no gloves)
MR       .....                  (boots unavailable)
Stlth    ++........             (no amulet)
Regen    0.2/turn               p - ring of magical power
MPRegen  0.2/turn               y - ring of see invisible

@: no status effects
A: beak, talons 3, able to fly 1
a: Fly, Renounce Religion


You were on level 6 of the Dungeon.
You worshipped Vehumet.
Vehumet was noncommittal.
You were not hungry.

You visited 2 branches of the dungeon, and saw 7 of its levels.
You also visited: Sewer.

You collected 262 gold pieces.

Inventory:

Hand Weapons
 q - a +2 dagger of electrocution
 z - a +1 mace of protection
 C - a +2 quarterstaff of chaos (weapon)
Missiles
 n - 158 stones (quivered)
Armour
 e - a +0 robe
 l - a +0 robe (worn)
 D - a +0 cloak (worn)
Jewellery
 a - an uncursed ring of protection from cold
 p - a ring of magical power (left hand)
 y - a ring of see invisible (right hand)
Wands
 B - a wand of iceblast (6/15)
Scrolls
 g - 2 scrolls of identify
 i - 5 scrolls of remove curse
 k - 3 scrolls of teleportation
 m - a scroll of magic mapping
 u - 2 scrolls of blinking {unknown}
 A - 2 scrolls of enchant weapon {unknown}
Potions
 d - a potion of agility {unknown}
 f - a potion of might
 j - 2 potions of brilliance
 o - 3 potions of flight {unknown}
 r - a potion of haste {unknown}
 w - 3 potions of heal wounds {unknown}
Books
 b - a book of Flames

   Spells                             Type                      Level
   a - Flame Tongue                   Conjuration/Fire             1
   b - Throw Flame                    Conjuration/Fire             2
   c - Conjure Flame                  Conjuration/Fire             3
   d - Inner Flame                    Hexes/Fire                   3
   e - Sticky Flame                   Conjuration/Fire             4
   f - Fireball                       Conjuration/Fire             5
 v - a book of Changes

   Spells                             Type                      Level
   a - Beastly Appendage              Transmutation                1
   b - Sticks to Snakes               Transmutation                2
   c - Spider Form                    Transmutation/Poison         3
   d - Ice Form                       Ice/Transmutation            4
   e - Blade Hands                    Transmutation                5
Comestibles
 c - a bread ration
 s - 2 meat rations
 t - a royal jelly
 x - a fruit


   Skills:
 - Level 2.5 Dodging
 - Level 2.2 Stealth
 * Level 4.8 Spellcasting
 * Level 5.2 Conjurations
 * Level 1.9 Hexes
 * Level 6.5 Fire Magic


You had 3 spell levels left.
You knew the following spells:

 Your Spells              Type           Power        Failure   Level  Hunger
a - Flame Tongue          Conj/Fire      ####.        1%          1    None
b - Throw Flame           Conj/Fire      ####..       1%          2    #......
c - Conjure Flame         Conj/Fire      ####....     3%          3    ##.....
d - Inner Flame           Hex/Fire       ###.....     7%          3    ##.....
e - Sticky Flame          Conj/Fire      ####....     11%         4    ####...


Dungeon Overview and Level Annotations

Branches:
Dungeon (6/15)             Temple (1/1) D:6

Altars:
Cheibriados
Dithmenos
Elyvilon
Hepliaklqana
Okawaru
Vehumet
Xom
Yredelemnul

Annotations:
D:2 Sigmund
D:4 polve's ghost, amateur HOFi


Innate Abilities, Weirdness & Mutations

You have a beak for a mouth.
You have claws for feet.
You can fly.


Message History

The flame tongue hits the orc warrior.
The orc warrior appears unharmed.
The orc warrior is severely wounded.
The orc warrior hits you with a hand axe!
* * * LOW HITPOINT WARNING * * *
You feel better.
The orc warrior hits you with a hand axe!
Casting: Flame Tongue
Confirm with . or Enter, or press ? or * to list all spells.
Aiming: Flame Tongue
Press: ? - help, Shift-Dir - straight line, f/p - orc warrior
Aim: an orc warrior, wielding a hand axe and wearing a plate armour (heavily wounded)
The flame tongue hits the orc warrior.
The orc warrior is severely wounded.
The orc warrior hits you with a hand axe!
* * * LOW HITPOINT WARNING * * *
Your magical contamination has completely faded away.
You feel better.
The orc warrior hits you with a hand axe!!
Ouch! That really hurt!
You die...

..........#...# #.......#.....#
..........#...###.......#.....#
...)..[...'...'.'.......#.....#
..........#...###.......#.....###
..........+......................
..........##.....................
.###########.............####....
.# #)..o.........# #.... .#
#....@........## #.... .#
#..............# #.... .#
#............#.###.... .#
##########<###..##.... #.#
##.##.... #. #..#.... ## ##.##.##
#.##.## #..#.##


You could see an orc warrior.

Vanquished Creatures
  2 sky beasts
  An ogre (D:4)
  An ice beast (D:6)
  2 big kobolds
  A jelly (D:6)
  2 crimson imps
  Crazy Yiuf (D:5)
  A hound (D:3)
  Robin (D:3)
  2 river rats (Sewer)
  5 adders
  A shadow imp (D:6)
  An ooze (D:1)
  3 worms (D:3)
  3 dart slugs
  A leopard gecko (D:1)
  5 orcs
  3 ball pythons
  14 giant cockroaches
  21 goblins
  6 hobgoblins
  A jackal (Sewer)
  3 quokkas
  7 bats
  3 frilled lizards
  14 kobolds
  3 leopard gecko skeletons
  2 quokka zombies
  8 rats
118 creatures vanquished.

Notes
Turn   | Place    | Note
-------+----------+-------------------------------------------
     0 | D:1      | Dyss the Tengu Fire Elementalist began the quest for the Orb.
     0 | D:1      | Reached XP level 1. HP: 10/10 MP: 4/4
    45 | D:1      | Reached XP level 2. HP: 5/15 MP: 1/6
   596 | D:1      | Learned a level 2 spell: Throw Flame
   911 | D:2      | Reached XP level 3. HP: 19/19 MP: 4/7
  1034 | D:2      | Reached skill level 4 in Fire Magic
  1062 | D:2      | Noticed Sigmund
  1084 | D:2      | Found a snail-covered altar of Cheibriados.
  1347 | D:2      | Reached XP level 4. HP: 15/24 MP: 5/9
  2135 | D:3      | Gained mutation: You can fly. [Tengu growth]
  2135 | D:3      | Reached XP level 5. HP: 24/28 MP: 4/10
  2345 | D:3      | Learned a level 3 spell: Conjure Flame
  2451 | D:3      | Found a shadowy altar of Dithmenos.
  2740 | D:3      | Noticed Robin
  2835 | D:3      | Killed Robin
  3433 | D:4      | Found a hazy altar of Hepliaklqana.
  3633 | D:4      | Noticed an ogre
  3636 | D:4      | Noticed polve's ghost (amateur HOFi)
  3697 | D:4      | Killed an ogre
  3697 | D:4      | Reached skill level 5 in Fire Magic
  3697 | D:4      | Reached XP level 6. HP: 32/32 MP: 1/12
  3797 | D:5      | Entered Level 5 of the Dungeon
  3944 | D:5      | Found a glowing drain.
  3955 | Sewer    | Entered a sewer
  3984 | Sewer    | HP: 1/32 [river rat (7)]
  4321 | Sewer    | Learned a level 3 spell: Inner Flame
  4326 | Sewer    | Learned a level 4 spell: Sticky Flame
  4428 | Sewer    | Found a glowing silver altar of Zin.
  4859 | D:5      | Found a shimmering altar of Xom.
  4900 | D:5      | Found a runed door.
  4904 | D:5      | Noticed Crazy Yiuf
  4909 | D:5      | Killed Crazy Yiuf
  5121 | D:5      | Noticed a sky beast
  5134 | D:5      | Killed a sky beast
  5134 | D:5      | Reached XP level 7. HP: 36/36 MP: 10/14
  5299 | D:6      | Reached skill level 6 in Fire Magic
  5379 | D:6      | Reached skill level 1 in Hexes
  5513 | D:6      | Found a staircase to the Ecumenical Temple.
  5522 | Temple   | Entered the Ecumenical Temple
  5532 | Temple   | Became a worshipper of Vehumet
  5730 | D:6      | Reached skill level 5 in Conjurations
  5813 | D:6      | Reached XP level 8. HP: 32/41 MP: 16/16
  5841 | D:6      | Mangled by an orc warrior

Skill      XL: |  1  2  3  4  5  6  7 |
---------------+----------------------+-----
Fire Magic     | 4 5 6 |  6.5
Conjurations   | 2 3 4 5 |  5.2
Spellcasting   | 3 4 |  4.8
Hexes          | 1 |  1.9
Dodging        | |  2.5
Stealth        | |  2.2

Action                   |  1- 3 |  4- 6 |  7- 9 || total
-------------------------+-------+-------+-------++-------
Melee: Dagger            |    25 |    13 |       ||    38
       Peck              |     2 |     2 |     1 ||     5
       Kick              |     4 |     3 |     2 ||     9
       Quarterstaff      |       |       |    15 ||    15
 Cast: Flame Tongue      |    28 |    95 |    18 ||   141
       Throw Flame       |    18 |    71 |    23 ||   112
       Conjure Flame     |       |     2 |       ||     2
       Inner Flame       |       |       |     1 ||     1
  Use: Scroll            |       |     4 |       ||     4
       Potion            |       |     2 |     2 ||     4
 Stab: Sleeping          |     1 |       |       ||     1
  Eat: Chunk             |     3 |    10 |       ||    13
       Bread ration      |       |     1 |     1 ||     2
       Fruit             |       |       |     2 ||     2
Armor: Robe              |     5 |     7 |     2 ||    14
Dodge: Dodged            |    21 |    29 |    12 ||    62
